[Event "HUN Women vs Morgan Stanley 2022"]
[Site "Budapest"]
[Date "2022.06.27"]
[Round "1.1"]
[White "Hoang, Thanh Trang"]
[Black "Torma, Robert"]
[Result "0-1"]
[ECO "D04"]
[WhiteElo "2376"]
[BlackElo "2421"]
[Annotator "TA"]
[PlyCount "128"]
[EventDate "2022.06.27"]
[EventType "schev"]
[EventCountry "HUN"]
[SourceTitle "playchess.com"]
[Source "ChessBase"]
[SourceQuality "1"]
[TimeControl "900+2"]

1. d4 Nf6 2. Nf3 d5 3. e3 c5 4. Bd3 Nc6 5. c3 Bg4 6. h3 {[%emt 0:01:18] D05: Colle System with ...e6.} Bh5 7. Nbd2 cxd4 8. exd4 {[%emt 0:00:15] The position is equal.} e6 9. O-O Bd6 10. Re1 O-O $1 {[%emt 0:00:11] 10...0-0 scores better than 10...Qc7.} 11. Nf1 Qc7 12. Bg5 Nd7 13. Bh4 Bg6 14. Bxg6 hxg6 15. Qd3 {[%emt 0:00:53] [#]} Rfe8 $146 ({Predecessor:} 15... a6 16. Ng5 b5 17. a3 Rab8 18. Ne3 a5 19. Ng4 Rfe8 20. Rxe6 Rxe6 21. Nxe6 fxe6 22. Qxg6 Nd8 23. Bxd8 Rxd8 24. Nh6+ {1-0 (24) Grigore,N (2362)-Bucur,O (2207) Tusnad 2004}) 16. Rad1 Rab8 17. Bg3 Bxg3 18. Nxg3 b5 19. h4 Qf4 20. h5 g5 21. Qe3 (21. Ne2 $11 Qf6 22. Qe3) 21... Qxe3 $15 22. Rxe3 f6 (22... g4 $5 23. Nh2 Nf6 $15) 23. a3 Na5 24. Rde1 Kf7 25. R3e2 Nc4 26. Ra1 a5 27. Ne1 b4 28. axb4 axb4 29. Ra7 Re7 30. b3 (30. Nd3 $11) 30... Nd6 $17 31. Ra6 Nb5 32. c4 $2 (32. Re3 $17) 32... Nxd4 $19 33. Rb2 Nc5 {[%emt 0:00:09][%csl LRa6,LRb3] Prevents Nd3.} 34. Rd6 Ndxb3 35. cxd5 exd5 36. Nf3 Ne6 $2 37. Rxb3 $16 Nc5 38. Rb1 Ne4 (38... Rc7 $16 {was called for.}) 39. Rxd5 $4 (39. Nxe4 $18 {was the only winning move.} dxe4 40. Nd4) 39... Nc3 $1 $19 40. Rdd1 (40. Nf5 Nxd5 41. Nxe7 Kxe7 42. g3) 40... Nxd1 41. Rxd1 b3 42. Nf1 b2 43. Rb1 Rc7 {[%emt 0:00:02] Hoping for ...Rc1.} 44. N1d2 $2 (44. Ne1) 44... Rc1+ 45. Kh2 Rxb1 46. Nxb1 Rc8 47. Kg3 Rc1 48. Nfd2 Ke6 49. Kf3 Kd5 50. Ke2 f5 {[%emt 0:00:01][%mdl 1024] ...f4 is the strong threat. Black has strong compensation.} 51. Na3 (51. g3 $17) 51... Rh1 ({Weaker is} 51... Ra1 52. Nab1 $11) ({Better is} 51... f4 $19 {White must now prevent ...g4.} 52. Kd3 g4) 52. Nab1 Kd4 {[%emt 0:00:01] Prevents Nc3.} ({Stronger than} 52... Rxh5 53. Nc3+ Kd4 54. Nd1 $15) 53. Nf3+ Kc4 54. Nfd2+ {[%emt 0:00:01] [#]} Kb4 $1 {[%emt 0:00:01] And now ...g4 would win.} 55. Kd3 Rxh5 {[%emt 0:00:01] Black is more active.} (55... Rc1 $142 56. Kd4 g4) 56. Kc2 Rh2 57. Kxb2 $2 (57. Nc3 $17 {was the crucial defense.}) 57... Rxg2 58. f3 f4 $2 (58... Re2 $19 59. Kc2 Re3) 59. Kc2 $11 g4 60. Kd3 (60. fxg4 $11 {was the only way to keep the balance.} Rg3 61. Ne4 Rxg4 62. Kd3) 60... gxf3 ({Black should play} 60... g3 $17 {[%cal Og2d2] Threatens to win with ...Rxd2+!} 61. Nc3 Rh2 62. Nd5+ Kc5 63. Nxf4 g2 64. Ne4+ Kc6 65. Nxg2 Rxg2) 61. Nxf3 g5 62. Nxg5 $2 Rxg5 {[%emt 0:00:01] Black mates.} 63. Ke4 {[%emt 0:00:01] [#]} Rg2 $1 64. Kxf4 Rb2 {[%emt 0:00:01] Weighted Error Value: White=0.68/Black=0.48} 0-1

[Event "HUN Women vs Morgan Stanley 2022"]
[Site "Budapest"]
[Date "2022.06.27"]
[Round "1.2"]
[White "Lizak, Peter"]
[Black "Gara, Ticia"]
[Result "1-0"]
[ECO "A10"]
[WhiteElo "2400"]
[BlackElo "2367"]
[Annotator "TA"]
[PlyCount "35"]
[EventDate "2022.06.27"]
[EventType "schev"]
[EventCountry "HUN"]
[SourceTitle "playchess.com"]
[Source "ChessBase"]
[SourceQuality "1"]
[TimeControl "900+2"]

1. c4 b6 2. Nf3 Bb7 3. g3 g6 4. Bg2 Bg7 5. O-O Nf6 6. d4 O-O 7. d5 {[%emt 0:00:08] 7.Re1 is a critical line.} e6 {[%emt 0:00:23][%cal Re6d5] A50: Queen's Fianchetto Defence (1 d4 Nf6 2 c4 b6).} 8. Nc3 exd5 9. cxd5 Na6 {[%emt 0:01:41] White is slightly better.} 10. Nd4 Re8 11. Bf4 Nh5 12. Be3 f5 {[%emt 0:01:21] [#]} 13. Nf3 $146 {[%emt 0:02:25] [#]} (13. Rc1 $16) ({Predecessor:} 13. Rc1 Nf6 14. Ndb5 Rxe3 15. fxe3 Ng4 16. Qd2 Bh6 17. Nd1 Nc5 18. b4 a6 19. Nxc7 Qxc7 20. bxc5 bxc5 {1-0 (28) Mladenov,P (2391)-Roscheisen,M Latschach 2011}) 13... Nc5 (13... Rxe3 $1 $11 14. fxe3 Qe7) 14. Bxc5 $14 bxc5 15. d6 (15. Qb3 $14 Bxc3 16. d6+ (16. bxc3 Rb8 $11) 16... Kg7 17. Qxc3+ (17. Qxb7 Ba5 $14) 17... Qf6 18. Qxc5 cxd6 19. Qc2) 15... Kh8 $2 (15... Bc6 $1 $11 {and Black has nothing to worry.}) 16. Nb5 cxd6 (16... Rc8 {was worth a try.}) 17. Nxd6 $18 {[%emt 0:00:11] [#] Strongly threatening Nf7+.} Be4 $2 (17... Qc7 18. Nxb7 (18. Nxe8 Rxe8 19. Qc2 Nf6 $16) 18... d5) 18. Nf7+ {[%emt 0:00:03] Weighted Error Value: White=0.30/Black=0.72} 1-0

[Event "HUN Women vs Morgan Stanley 2022"]
[Site "Budapest"]
[Date "2022.06.27"]
[Round "1.4"]
[White "Torok, Sandor"]
[Black "Lazarne Vajda, Szidonia"]
[Result "1-0"]
[ECO "A04"]
[WhiteElo "2184"]
[BlackElo "2313"]
[Annotator "TA"]
[PlyCount "91"]
[EventDate "2022.06.27"]
[EventType "schev"]
[EventCountry "HUN"]
[SourceTitle "playchess.com"]
[Source "ChessBase"]
[SourceQuality "1"]
[TimeControl "900+2"]

1. Nf3 c5 2. b3 d5 3. g3 Nc6 4. Bb2 f6 5. d4 cxd4 6. Nxd4 {[%emt 0:00:03] A06: Réti Opening: 1 Nf3 d5.} e5 7. Nxc6 bxc6 8. Bg2 {[%emt 0:00:02] The position is equal.} Bb4+ 9. c3 Ba5 10. O-O Ne7 11. c4 {[%emt 0:01:03] [#]} Rb8 $146 ({Predecessor:} 11... Be6 12. Nc3 O-O 13. cxd5 cxd5 14. Rc1 d4 15. Na4 Bd5 16. Qd3 Re8 17. Rc5 Bxg2 18. Kxg2 {½-½ (54) Matlakov,M (2676)-Yemelin,V (2564) St Petersburg 2013}) 12. Qc1 (12. Nc3 $142) 12... O-O (12... Bg4 $5 13. Qc2 Be6 $11) 13. Rd1 (13. Nc3 $11 {should be considered.}) 13... Be6 (13... d4 $15) 14. Nc3 $11 Bxc3 15. Bxc3 Qb6 16. Qa3 Kf7 17. cxd5 cxd5 18. Rac1 {[%emt 0:00:21] Strongly threatening Ba5.} Rfc8 19. Ba5 Qa6 20. Bb4 {[%emt 0:00:11] This bishop pair is nice.} Qxa3 21. Bxa3 Rxc1 22. Rxc1 {[%emt 0:00:01] Rc7 is the strong threat.} Rc8 {[%emt 0:00:03] Against Rc7} 23. Rxc8 Nxc8 $14 {[%emt 0:00:14][%mdl 4096] Endgame KBB-KBN} 24. Bc5 Ke8 25. Kf1 Kd7 26. Ke1 g6 27. Kd2 Kc6 28. Bf8 f5 29. Bg7 Kd6 30. f4 exf4 31. gxf4 Ne7 (31... Kc6 $16 32. Kc3 Nd6) 32. e3 Nc6 33. Kc3 Kc5 {[%emt 0:00:13] [#]} (33... a6 $16 34. Bf8+ Kc7) 34. b4+ $1 $18 Kb6 {[%emt 0:00:09] [#]} (34... Kb5 $142) 35. a4 $1 a6 36. Bf8 (36. Bd4+ $18 Kb7 37. Bc5) 36... Bf7 37. Bc5+ Kb7 38. h4 Nd8 (38... Be6 $16 {is a better defense.} 39. Bf8 Kc7) 39. Be7 Nc6 40. Bd6 Nd8 $2 {[%emt 0:00:01] A mistake that costs the game.} (40... Kb6 $16 41. Bf8 Nd8) 41. Kd4 Kc6 (41... Kc8 42. Bxd5 Kd7) 42. Be7 {[%emt 0:00:07] White is clearly winning.} Ne6+ 43. Ke5 Nc7 44. Kf6 Be6 (44... Be8 $142 45. Bd8 a5 46. b5+ Kd7) 45. Bd8 {[%emt 0:00:09] And now Bxc7 would win.} Kd7 46. Bxc7 {[%emt 0:00:02] Weighted Error Value: White=0.12 (very precise) /Black=0.36} 1-0

[Event "HUN Women vs Morgan Stanley 2022"]
[Site "Budapest"]
[Date "2022.06.27"]
[Round "1.5"]
[White "Terbe, Julianna"]
[Black "Tomosvary, Attila"]
[Result "0-1"]
[ECO "B07"]
[WhiteElo "2304"]
[BlackElo "2140"]
[Annotator "TA"]
[PlyCount "52"]
[EventDate "2022.06.27"]
[EventType "schev"]
[EventCountry "HUN"]
[SourceTitle "playchess.com"]
[Source "ChessBase"]
[SourceQuality "1"]
[TimeControl "900+2"]

1. e4 d6 2. d4 Nf6 3. Nc3 e5 4. Nge2 Nbd7 5. g3 Be7 6. Bg2 O-O 7. O-O Re8 {[%emt 0:00:34] B07: Pirc Defence: Miscellaneous Systems.} 8. h3 exd4 9. Nxd4 Nc5 {[%emt 0:00:08] White is slightly better.} 10. Re1 Bf8 {[%emt 0:01:26] [#]} 11. Bg5 $146 ({Predecessor:} 11. b3 a5 12. Bb2 a4 13. Qd2 a3 14. Bc1 c6 15. Qf4 Nd5 16. Qf3 Nxc3 17. Qxc3 {1-0 (46) Alekseenko,K (2696)-Shahaliyev,I (2413) Chess.com INT 2021}) 11... h6 12. Bf4 Ne6 13. Nxe6 Bxe6 14. e5 dxe5 15. Bxe5 c6 16. a3 Qxd1 17. Raxd1 Rad8 18. Bc7 Rxd1 19. Rxd1 Bf5 20. Rd2 h5 21. Ne2 g6 22. Nd4 Be4 23. f3 (23. c4 $11) 23... Bh6 (23... Bd5 $15) 24. Re2 (24. Bf4 $1 $11 {keeps the balance.} Bxf4 25. gxf4) 24... Bd5 {[%emt 0:00:01] Strongly threatening ...c5.} 25. Rxe8+ Nxe8 26. Bb8 $2 {[%emt 0:00:04][%mdl 8192] [#]} (26. Bf4 $17 {is tougher.} Bxf4 27. gxf4) 26... Be3+ {[%emt 0:00:02] Weighted Error Value: White=0.63/Black=0.12 (very precise)} 0-1

[Event "HUN Women vs Morgan Stanley 2022"]
[Site "Budapest"]
[Date "2022.06.27"]
[Round "1.6"]
[White "Gaal, Zsoka"]
[Black "Szamoskozi, Gabor"]
[Result "1-0"]
[ECO "B06"]
[WhiteElo "2323"]
[BlackElo "2243"]
[Annotator "TA"]
[PlyCount "75"]
[EventDate "2022.06.27"]
[EventType "schev"]
[EventCountry "HUN"]
[SourceTitle "playchess.com"]
[Source "ChessBase"]
[SourceQuality "1"]
[TimeControl "900+2"]

1. d4 g6 2. e4 Bg7 3. Nc3 c6 4. Nf3 d5 5. h3 dxe4 6. Nxe4 Nf6 7. Nxf6+ exf6 8. Bc4 O-O 9. O-O Nd7 10. c3 {[%emt 0:00:13] B15: Caro-Kann: 3 Nc3: 3...g6 and 3...dxe4 4 Nxe4 Nf6 5 Nxf6+ exf6.} Nb6 {[%emt 0:00:09] 10...b5 deserves study.} 11. Bb3 Re8 12. Bf4 {[%emt 0:01:00] The position is equal.} Be6 13. Re1 {[%emt 0:00:40] [#]} Bxb3 $146 ({Predecessor:} 13... Qd7 14. Bh2 a5 15. Bxe6 Rxe6 16. Qb3 Rxe1+ 17. Rxe1 Nc8 18. Qc4 b5 19. Qe2 Bf8 {1-0 (49) Samant,A (2433)-Hirneise,J (2314) Chess.com INT 2022}) 14. Qxb3 Qd5 15. Nd2 h5 16. h4 Rac8 17. Qxd5 Nxd5 18. Bh2 Bf8 19. Kf1 c5 (19... Rxe1+ $11 20. Rxe1 f5) 20. dxc5 Bxc5 21. Ne4 {[%emt 0:00:07] Threatens to win with Rad1.} Kg7 22. Rad1 Nb6 (22... Ne3+ $5 23. Rxe3 Bxe3 $11) 23. Nxc5 Rxe1+ 24. Rxe1 Rxc5 $14 {[%emt 0:00:01][%mdl 4096] Endgame KRB-KRN} 25. Re7 Rc4 (25... Rb5 $14) 26. Rxb7 Rxh4 27. Bb8 Rh1+ 28. Ke2 {[%emt 0:00:01] White is more active.} Rb1 (28... Nc4 $16) 29. b3 ({Stronger than} 29. Rxa7 Rxb2+ 30. Kf3 Nc4 $17) (29. Bxa7 $18 Nc4 30. a4) 29... Rb2+ {[%emt 0:00:42] [#]} (29... g5 $14) 30. Kf3 ({White has to play} 30. Kd3 $1 $16) 30... Rxa2 {[%emt 0:00:17] This costs Black the game.} ({Better is} 30... Nc4 $1 $14) 31. Bxa7 $18 ({Not} 31. Rxa7 Rc2 $11) 31... Nd5 32. c4 Nc3 {[%emt 0:00:46] [#]} 33. c5 $1 Nd1 $2 (33... g5 34. c6 g4+ 35. Ke3 Ra6) 34. c6 {[%emt 0:00:05] White is clearly winning.} Rc2 35. c7 g5 36. g3 (36. Ke4 $142) 36... Kg6 (36... Rc6 $142 37. b4 g4+ 38. Kg2 Nc3) 37. b4 {[%emt 0:00:09] Strongly threatening Bc5.} f5 38. Bc5 {[%emt 0:00:04] Weighted Error Value: White=0.34/Black=0.40} 1-0

[Event "HUN Women vs Morgan Stanley 2022"]
[Site "Budapest"]
[Date "2022.06.27"]
[Round "2.1"]
[White "Lizak, Peter"]
[Black "Hoang, Thanh Trang"]
[Result "0-1"]
[ECO "A10"]
[WhiteElo "2400"]
[BlackElo "2376"]
[Annotator "TA"]
[PlyCount "54"]
[EventDate "2022.06.27"]
[EventType "schev"]
[EventCountry "HUN"]
[SourceTitle "playchess.com"]
[Source "ChessBase"]
[SourceQuality "1"]
[TimeControl "900+2"]

1. c4 f5 2. g3 Nf6 3. Bg2 e6 4. Nf3 d5 5. O-O Bd6 6. d3 {[%emt 0:00:05] A10: English Opening: Unusual Replies for Black.} Nc6 7. Nc3 dxc4 8. dxc4 {[%emt 0:00:18][%cal Oe2e4] White is slightly better.} O-O 9. e4 e5 10. exf5 Bxf5 11. c5 Bxc5 12. Qb3+ Kh8 {[%emt 0:00:29] Hoping for ...Bd3.} 13. Qxb7 {[%emt 0:00:18] [#]} Bd7 $146 ({Predecessor:} 13... Nb4) 14. Qb5 Qe7 15. Qc4 Rab8 16. Ne4 Nxe4 17. Qxe4 Rb4 {[%emt 0:00:05] Black is more active.} (17... Nd4 $1 $15 18. Nxd4 (18. Nxe5 $2 Bf5 $19) 18... Bxd4) 18. Qd5 $11 e4 $36 {[%emt 0:00:43][%mdl 2048] Black has the initiative.} 19. Bg5 $1 ({Reject} 19. Ng5 Rd4 20. Qb3 h6 $19) 19... Qe8 20. Nd2 $2 {[%emt 0:00:08][%mdl 8192] [#] This move loses the game for White.} (20. Qxc5 $14 {is the one way to stay ahead.} exf3 21. Rfe1) 20... Rf5 $19 {[%emt 0:00:11] Black is clearly winning.} 21. Qxe4 Rxe4 22. Nxe4 Bb6 23. Rad1 Rf8 24. Bd2 Nd4 25. Kh1 Bc6 26. Rde1 Nf3 27. Bxf3 Rxf3 {[%emt 0:00:02] Weighted Error Value: White=0.71/Black=0.11 (very precise)} 0-1

[Event "HUN Women vs Morgan Stanley 2022"]
[Site "Budapest"]
[Date "2022.06.27"]
[Round "2.2"]
[White "Gara, Ticia"]
[Black "Szamoskozi, Gabor"]
[Result "0-1"]
[ECO "B10"]
[WhiteElo "2367"]
[BlackElo "2243"]
[Annotator "TA"]
[PlyCount "68"]
[EventDate "2022.06.27"]
[EventType "schev"]
[EventCountry "HUN"]
[SourceTitle "playchess.com"]
[Source "ChessBase"]
[SourceQuality "1"]
[TimeControl "900+2"]

1. e4 c6 2. Nf3 d5 3. Nc3 dxe4 4. Nxe4 Nf6 5. Nxf6+ exf6 6. d4 Na6 {[%emt 0:00:03][%cal Bb8a6,Ba6c7,Bc7e6][%mdl 32] B15: Caro-Kann: 3 Nc3: 3...g6 and 3...dxe4 4 Nxe4 Nf6 5 Nxf6+ exf6.} (6... Bd6 {feels hotter.} 7. Bd3 O-O 8. Be3 Re8) 7. c3 Nc7 8. Be2 Bd6 9. O-O O-O {[%emt 0:00:08] [#]} 10. c4 $146 ({Predecessor:} 10. Ne1 f5 11. Nd3 Ne6 12. a4 Qf6 13. f4 Nc7 14. Ne5 Be6 15. a5 c5 16. Bf3 cxd4 17. cxd4 {1-0 (42) Halak,M (2280)-Kardis,B (2031) Slovakia 2020}) 10... Re8 11. Be3 Ne6 12. Qd2 h6 13. Rfd1 (13. Bd3 {looks sharper.} Ng5 14. Nh4 Ne4 15. Qc2) 13... Ng5 14. Nxg5 fxg5 15. d5 {[%emt 0:01:35] [#] Hoping for dxc6.} Qc7 16. h3 c5 17. Rac1 b6 18. Bd3 f5 {[%emt 0:01:17] [#] White must now prevent ...f4.} 19. Bc2 (19. Qc2 $11) 19... Bd7 (19... f4 $15 20. Qd3 fxe3 21. fxe3 Kf7 22. Qg6+ Ke7) 20. Qd3 Re7 21. Bd2 Rae8 22. Re1 Qd8 23. g3 Re4 24. Qc3 Rxe1+ 25. Rxe1 Rxe1+ 26. Bxe1 Qe7 27. Bd2 Qe2 28. Qd3 Qxd3 29. Bxd3 $11 {[%emt 0:00:00][%mdl 4096] Endgame KBB-KBB} Be5 30. b4 cxb4 31. Bxb4 f4 32. Kg2 Kf7 33. c5 {[%emt 0:00:14] aiming for c6.} bxc5 (33... a5 $5 34. Ba3 bxc5 $11) 34. Bxc5 a5 {[%emt 0:00:01][%mdl 32768] An uneventful encounter.  Weighted Error Value: White=0.09 (flawless) /Black=0.08 (flawless) . Loss on time!?} 0-1

[Event "HUN Women vs Morgan Stanley 2022"]
[Site "Budapest"]
[Date "2022.06.27"]
[Round "2.3"]
[White "Torok, Sandor"]
[Black "Gaal, Zsoka"]
[Result "0-1"]
[ECO "B03"]
[WhiteElo "2184"]
[BlackElo "2323"]
[Annotator "TA"]
[PlyCount "74"]
[EventDate "2022.06.27"]
[EventType "schev"]
[EventCountry "HUN"]
[SourceTitle "playchess.com"]
[Source "ChessBase"]
[SourceQuality "1"]
[TimeControl "900+2"]

1. e4 Nf6 2. e5 Nd5 3. d4 d6 4. c4 Nb6 5. exd6 cxd6 6. Nc3 g6 7. Be3 Bg7 8. Rc1 O-O 9. b3 Bf5 10. g4 {[%emt 0:01:21] B03: Alekhine's Defence: Four Pawns Attack.} Bc8 11. Bg2 Nc6 12. h3 {[%emt 0:01:51] White is slightly better.} e5 {[%emt 0:00:48][%cal Re5d4] [#]} 13. dxe5 $146 ({Predecessor:} 13. d5 Nd4 14. Nge2 Nxe2 15. Qxe2 f5 16. gxf5 gxf5 17. Qh5 Nd7 18. Bf3 Nf6 19. Qh4 {1-0 (64) Sliwicka,A (2317)-Bulmaga,I (2440) Chess.com INT 2020}) 13... dxe5 14. Qxd8 Rxd8 15. c5 (15. Nge2 $14) 15... Nd7 16. Ne4 (16. Nge2 $11) 16... f5 17. gxf5 ({Reject} 17. Nd6 f4 18. Bd5+ Kf8) 17... gxf5 18. Nd6 f4 19. Nxc8 fxe3 20. Bxc6 bxc6 21. Ne7+ Kf7 22. Nxc6 (22. Nf5 $11) 22... Rdc8 $36 {[%emt 0:00:03][%mdl 2048] Black is really pushing.} 23. Na5 Nxc5 {[%emt 0:00:11] Hoping for ...Nd3+.} 24. Ke2 {[%emt 0:00:02] Against Nd3} (24. Rc4 $17) 24... exf2 $19 25. Nf3 e4 (25... Ne4 $19 26. Nc4 Ke6) 26. Ng5+ (26. Nd2 $17) 26... Kg6 27. b4 (27. h4 $17 {might work better.}) 27... Kxg5 ({Weaker is} 27... Bd4 28. bxc5 Kxg5 29. Nb3 $11) 28. bxc5 {[%emt 0:00:02] [#]} Rf8 $1 29. Rhf1 {[%emt 0:00:42] [#]} e3 30. Nc4 Bd4 (30... Rae8 $19 {Threatens to win with ...Kh4.} 31. Rcd1 Re4 32. Rd5+ Kf4) 31. c6 (31. Rfd1 $11 {was the only way to keep the balance.} Bxc5 32. Rd5+ Rf5 33. h4+ Kg4 34. Rxf5 Kxf5 35. Nxe3+ Bxe3 36. Kxe3) 31... Rac8 {[%emt 0:00:09] Black is more active.} ({Black should try} 31... Bb6 {And now ...Kh4 would win.} 32. Nxe3 Bxe3 33. Kxe3 Kh4) 32. Nd6 Rcd8 33. Ne4+ (33. Nc4 $17 {keeps fighting.}) 33... Kf4 34. c7 {[%emt 0:00:01] [#]} Kxe4 $1 {[%emt 0:00:08] Really sharp!} 35. cxd8=Q Rxd8 36. Rc7 $2 {[%emt 0:00:04] [#]} (36. Rfd1 $17) 36... Bc5 $1 37. Rb1 (37. Rxf2 Rd2+) 37... Rd2+ {[%emt 0:00:02] Weighted Error Value: White=0.51/Black=0.20 (precise)} 0-1

[Event "HUN Women vs Morgan Stanley 2022"]
[Site "Budapest"]
[Date "2022.06.27"]
[Round "2.4"]
[White "Lazarne Vajda, Szidonia"]
[Black "Novaky, Csaba"]
[Result "1/2-1/2"]
[ECO "C54"]
[WhiteElo "2313"]
[BlackElo "2091"]
[Annotator "TA"]
[PlyCount "48"]
[EventDate "2022.06.27"]
[EventType "schev"]
[EventCountry "HUN"]
[SourceTitle "playchess.com"]
[Source "ChessBase"]
[SourceQuality "1"]
[TimeControl "900+2"]

1. e4 e5 2. Nf3 Nc6 3. d4 exd4 4. Bc4 Bc5 5. c3 Nf6 6. cxd4 Bb4+ 7. Bd2 Bxd2+ 8. Nbxd2 d5 9. exd5 Nxd5 10. O-O O-O 11. Rc1 {[%emt 0:05:31][%cal Ba1c1,Bc1c5,Bc5d5][%mdl 32] seems to push 11.Re1 aside.} Bg4 {[%emt 0:00:25] C54: Giuoco Piano: 4 c3 Nf6, main lines with 5 d4 and 5 d3.} 12. h3 Bh5 13. Bxd5 Qxd5 14. Rc5 Bxf3 15. Rxd5 (15. Nxf3 $5 Qxa2 16. d5 $11) 15... Bxd1 16. Rxd1 Rad8 {[%emt 0:00:11] [#] White did not feel at home in the position after the opening.  Weighted Error Value: White=0.09 (flawless) /Black=0.01 (flawless)} {Predecessor:} 17. Rxd8 $146 Rxd8 18. Nf3 f6 19. Kf1 Kf7 20. Ke2 Nb4 21. a3 Re8+ 22. Kd2 Nd5 23. g3 Re6 24. Kd3 Nb6 {½-½ (24) Klaska,P (1444)-Zobel,C (1404) Willingen 2019} 1/2-1/2

[Event "HUN Women vs Morgan Stanley 2022"]
[Site "Budapest"]
[Date "2022.06.27"]
[Round "2.5"]
[White "Torma, Robert"]
[Black "Terbe, Julianna"]
[Result "0-1"]
[ECO "D10"]
[WhiteElo "2421"]
[BlackElo "2304"]
[Annotator "TA"]
[PlyCount "103"]
[EventDate "2022.06.27"]
[EventType "schev"]
[EventCountry "HUN"]
[SourceTitle "playchess.com"]
[Source "ChessBase"]
[SourceQuality "1"]
[TimeControl "900+2"]

1. d4 d5 2. c4 c6 3. cxd5 cxd5 4. Bf4 Nf6 5. e3 Nc6 6. Nc3 Bf5 7. Qb3 Na5 8. Qa4+ {[%emt 0:00:04] D10: Slav Defence: 3 cxd5 (without early Nf3) and 3 Nc3.} Bd7 9. Qc2 e6 10. Bd3 {[%emt 0:00:12] The position is equal.} Be7 11. Nf3 Nc6 12. a3 Nh5 13. Be5 (13. Bxh7 Nxf4 14. exf4 g6 15. Bxg6 fxg6 16. Qxg6+ Kf8 $17) 13... f6 {[%emt 0:00:08] [#]} 14. Bxh7 $146 ({Predecessor:} 14. Bg3 f5 15. Be5 Nf6 16. O-O O-O 17. h3 Rc8 18. Bh2 Ne4 19. Qe2 Be8 20. Ne5 Nxe5 21. Bxe5 Nxc3 22. bxc3 Rxc3 {0-1 (72) Dubov,D (2711)-Lazavik,D (2483) Chess.com INT 2022}) 14... fxe5 $15 15. dxe5 (15. Qg6+ Kf8 16. Qxh5 exd4 17. Nxd4 Nxd4 18. exd4 Bf6 $17) 15... Qa5 (15... Kf8 $17 16. g4 d4) 16. Qg6+ (16. O-O $5 ) 16... Kd8 (16... Kf8 $1 $15) 17. Qxh5 (17. O-O $16) 17... Be8 $14 {[%emt 0:00:20] [#]} 18. Qh3 (18. Qg4 $1 $16 Rxh7 19. Qxe6) 18... Bg6 $2 {[%emt 0:00:07] [#]} (18... Bf7 $1 $11 {and Black is okay.}) 19. Qxe6 $1 $18 Bxh7 20. Rd1 (20. Qxd5+ Qxd5 21. Nxd5 Rc8 $11) 20... Bg8 21. Qg4 Kc7 22. b4 ({Don't take} 22. Qxg7 $6 d4 23. b4 (23. Qxh8 dxc3 24. O-O cxb2 $11) (23. Nxd4 Qxe5 24. Qxe5+ Nxe5 $11) (23. exd4 Bb3 $16) 23... Rh7 $16) 22... Nxb4 23. axb4 Qxb4 24. Qxb4 ({Resist} 24. Qd4 Qc4 $16) 24... Bxb4 {[%emt 0:00:01] [#]} 25. Ke2 $1 Rd8 (25... Bxc3 26. Rc1) 26. Nb5+ {[%emt 0:00:58] Pair of Knights!} Kb6 (26... Kb8 $142 27. Ne1 g5) 27. Nfd4 a5 28. f4 ({Better is} 28. Rb1 $18) 28... Bh7 $16 29. f5 (29. h4 $16) 29... Bxf5 $1 $11 30. Nxf5 Kxb5 31. Nd4+ Kb6 32. h3 {[%emt 0:00:12] [#]} (32. Ne6 $11 {remains equal.} Rde8 33. Nf4) 32... Rhe8 $1 $17 33. e6 Bc3 34. Rhf1 Bxd4 35. Rxd4 Rxe6 $19 {[%emt 0:00:01][%mdl 4096] Endgame KRR-KRR} 36. Rf7 {[%emt 0:00:03] [#]} (36. Kd2 $142) 36... g6 $1 37. Kd2 Kc6 38. Rg7 Rf8 39. Rg4 Rff6 40. Rg8 b5 41. Ra8 a4 42. h4 Kb7 43. Ra5 Kb6 44. Ra8 Re4 {[%emt 0:00:10] Against Rb4} 45. Rg5 Rxh4 46. Rxd5 Rb4 47. Rad8 $2 (47. Kc3 Rb3+ 48. Kd4) 47... Rb3 {[%emt 0:00:06] Black is clearly winning.} 48. R5d6+ Rxd6+ 49. Rxd6+ Kc5 50. Rxg6 a3 51. Ra6 b4 52. g4 {Black used his chance.  Weighted Error Value: White=0.71/Black=0.23 (precise)} 0-1